 Dungeon Crawl Stone Soup version 0.21.1-1-g345015f (webtiles) character file.

56 theblackcape the Charlatan (level 3, 0/28 HPs)
             Began as a Gnoll Wanderer on June 18, 2018.
             Slain by a gnoll (4 damage)
             ... on level 2 of the Dungeon.
             The game lasted 00:07:31 (2204 turns).

theblackcape the Charlatan (Gnoll Wanderer)         Turns: 2204, Time: 00:07:32

Health: 0/28       AC: 10    Str: 11    XL:     3   Next: 97%
Magic:  7/7        EV:  9    Int: 18    God:
Gold:   64         SH:  0    Dex: 14    Spells: 3/7 levels left

rFire    . . .     SeeInvis .   p - +0 whip
rCold    . . .     Gourm    .   (no shield)
rNeg     . . .     Faith    .   a - +2 scale mail
rPois    .         Spirit   .   o - +1 helmet
rElec    .         Reflect  .   (no cloak)
rCorr    .         Harm     .   (no gloves)
MR       .....                  (no boots)
Stlth    ..........             (no amulet)
HPRegen  0.09/turn              n - ring of flight
MPRegen  0.10/turn              (no ring)

@: no status effects
A: distributed training, fangs 1, strong nose
a: Evoke Flight


You were on level 2 of the Dungeon.
You were not hungry.

You visited 1 branch of the dungeon, and saw 3 of its levels.

You collected 64 gold pieces.

Inventory:

Hand Weapons
 p - a +0 whip (weapon)
Armour
 a - a +2 scale mail (worn)
 o - a +1 helmet (worn)
Jewellery
 n - a ring of flight (left hand)
 u - an uncursed ring of protection from magic {unknown}
Wands
 c - a wand of random effects (14)
Scrolls
 d - 4 scrolls of enchant weapon {unknown}
 h - 2 scrolls of fog {unknown}
 j - a scroll of noise {unknown}
 q - a scroll of enchant armour
 r - a scroll of teleportation {unknown}
 s - a scroll of identify {unknown}
Potions
 e - a potion of agility {unknown}
 g - 3 potions of lignification {unknown}
 i - a potion of cancellation {unknown}
 k - a potion of haste {unknown}
 l - a potion of magic {unknown}
 m - 2 potions of degeneration {unknown}
Books
 b - the Catalogue of Heat

   Spells                             Type                      Level
   a - Flame Tongue                   Conjuration/Fire             1
   b - Conjure Flame                  Conjuration/Fire             3
Comestibles
 f - 4 rations
 t - a chunk of flesh


   Skills:
 + Level 2.6 Fighting
 + Level 1.0 Short Blades
 + Level 1.0 Long Blades
 + Level 1.0 Axes
 + Level 1.0 Maces & Flails
 + Level 1.0 Polearms
 + Level 1.0 Staves
 + Level 1.0 Slings
 + Level 2.6 Bows
 + Level 1.0 Crossbows
 + Level 1.0 Throwing
 + Level 2.6 Armour
 + Level 1.0 Dodging
 + Level 1.0 Stealth
 + Level 1.0 Shields
 + Level 1.0 Unarmed Combat
 + Level 2.9 Spellcasting
 + Level 0.7 Conjurations
 + Level 0.7 Hexes
 + Level 0.7 Charms
 + Level 0.7 Summonings
 + Level 0.7 Necromancy
 + Level 0.7 Translocations
 + Level 0.7 Transmutations
 + Level 3.8 Fire Magic
 + Level 3.8 Ice Magic
 + Level 0.7 Air Magic
 + Level 0.7 Earth Magic
 + Level 0.7 Poison Magic
 + Level 1.0 Invocations
 + Level 4.6 Evocations


You had 3 spell levels left.
You knew the following spells:

 Your Spells              Type           Power        Failure   Level  Hunger
a - Flame Tongue          Conj/Fire      ##...        36%         1    None
b - Conjure Flame         Conj/Fire      ##......     75%         3    ###....


Dungeon Overview and Level Annotations

Branches:
Dungeon (3/15)

Altars:


Innate Abilities, Weirdness & Mutations

Your experience applies equally to all skills.
You have very sharp teeth.
Your uncanny sense of smell can sniff out nearby items.


Message History

The gnoll misses you.
Aiming: Random Effects
Press: ? - help, Shift-Dir - straight line, f/p - gnoll
Aim: a gnoll (heavily wounded)
The gnoll flickers and vanishes!
Deactivating autopickup; reactivate with Ctrl-A.
Something hits you but does no damage.
Your magical contamination has completely faded away.
There is a stone staircase leading up here.
Something hits you but does no damage.
You climb upwards.
There is a stone staircase leading down here.
You hit something. You bite something. Something hits you but does no damage.
You hit something. You bite something. Something hits you but does no damage.
You miss something. Something hits you but does no damage.
You hit something. Something hits you but does no damage.
You miss something. Something hits you.
* * * LOW HITPOINT WARNING * * *
You closely miss something. You bite something. Something hits you.
You die...

##...######### #.......#
##.## ####.#### #.#.#
##############.###
####.####................#
#.......#.........#.#..#.####
#.##.##.#.........#.#..#.##..
#.##.##.#.........#....#..(..
#....##.#.......#.#.#.#####..
#..####.#...@{......#.# ###
#..####.#.......#.....#
#.......###########.###
##.###### #.# #.#
#############.# #### #.#
#...........#.######...
#.####.#.#.##......##.......
#.##........#.##.####.###...
#......8......##.# #.###...


There were no monsters in sight!

Vanquished Creatures
  3 adders (D:2)
  A dart slug (D:3)
  A ball python (D:1)
  4 bats
  4 goblins
  2 hobgoblins
  2 jackals (D:2)
  A quokka (D:2)
  A frilled lizard (D:1)
  5 kobolds (D:1)
  3 rats (D:1)
27 creatures vanquished.

Notes
Turn   | Place    | Note
-------+----------+-------------------------------------------
     0 | D:1      | theblackcape the Gnoll Wanderer began the quest for the Orb.
     0 | D:1      | theblackcape set off with: a +2 scale mail, the Catalogue of Heat, a wand of random effects (15), a +0 dagger, a ration
     0 | D:1      | Reached XP level 1. HP: 17/17 MP: 4/4
     2 | D:1      | Learned a level 1 spell: Flame Tongue
     2 | D:1      | Identified the Catalogue of Heat
   252 | D:1      | Reached XP level 2. HP: 22/23 MP: 5/5
  1229 | D:2      | Reached XP level 3. HP: 18/28 MP: 7/7
  1433 | D:2      | Reached skill level 1 in Invocations
  1694 | D:2      | Learned a level 3 spell: Conjure Flame
  1868 | D:2      | Found a faded altar of an unknown god.
  2012 | D:3      | Reached skill level 1 in Short Blades
  2012 | D:3      | Reached skill level 1 in Long Blades
  2012 | D:3      | Reached skill level 1 in Axes
  2012 | D:3      | Reached skill level 1 in Maces & Flails
  2012 | D:3      | Reached skill level 1 in Polearms
  2012 | D:3      | Reached skill level 1 in Staves
  2012 | D:3      | Reached skill level 1 in Slings
  2012 | D:3      | Reached skill level 1 in Crossbows
  2012 | D:3      | Reached skill level 1 in Throwing
  2012 | D:3      | Reached skill level 1 in Dodging
  2012 | D:3      | Reached skill level 1 in Stealth
  2012 | D:3      | Reached skill level 1 in Shields
  2012 | D:3      | Reached skill level 1 in Unarmed Combat
  2204 | D:2      | Slain by a gnoll

Skill      XL: |  1  2  3 |
---------------+----------+-----
Invocations    | 1 |  1.0
Short Blades   | 1 |  1.0
Long Blades    | 1 |  1.0
Axes           | 1 |  1.0
Maces & Flails | 1 |  1.0
Polearms       | 1 |  1.0
Staves         | 1 |  1.0
Slings         | 1 |  1.0
Crossbows      | 1 |  1.0
Throwing       | 1 |  1.0
Dodging        | 1 |  1.0
Stealth        | 1 |  1.0
Shields        | 1 |  1.0
Unarmed Combat | 1 |  1.0
Fighting       | |  2.6
Bows           | |  2.6
Armour         | |  2.6
Spellcasting   | |  2.9
Conjurations   | |  0.7
Hexes          | |  0.7
Charms         | |  0.7
Summonings     | |  0.7
Necromancy     | |  0.7
Translocations | |  0.7
Transmutations | |  0.7
Fire Magic     | |  3.8
Ice Magic      | |  3.8
Air Magic      | |  0.7
Earth Magic    | |  0.7
Poison Magic   | |  0.7
Evocations     | |  4.6

Action                   || total
-------------------------++-------
Melee: Whip              ||   167
       Dagger            ||     7
       Bite              ||    18
 Cast: Flame Tongue      ||     1
Evoke: Wand              ||     1
  Use: Scroll            ||     1
  Eat: Chunk             ||     4
Armor: Scale mail        ||   117
Dodge: Dodged            ||    79
